 Dungeon Crawl Stone Soup version 0.24.0-41-g2ae2f7f1be (webtiles) character file.

Game seed: 15113480444922578688, levelgen mode: deterministic

14723 FishyPogo the Thaumaturge (level 12, -8/94 HPs)
             Began as a Gnoll Skald on Dec 14, 2019.
             Was a High Priest of Okawaru.
             Shot with a bolt by a yaktaur (10 damage)
             ... on level 11 of the Dungeon.
             The game lasted 01:16:58 (9365 turns).

FishyPogo the Thaumaturge (Gnoll Skald)             Turns: 9365, Time: 01:16:58

Health: -8/94      AC: 12    Str: 21    XL:     12   Next: 19%
Magic:  3/24       EV: 16    Int: 16    God:    Okawaru [*****.]
Gold:   579        SH:  6    Dex: 20    Spells: 11/28 levels left

rFire    + . .     SeeInvis .   Q - +8 hand axe of the Invisible Deaths {chaos, *Noise *Slow +Fly MR+++}
rCold    . . .     Gourm    .   R - +0 buckler
rNeg     . . .     Faith    .   m - +2 scale mail {rF+}
rPois    +         Spirit   .   A - +1 hat
rElec    .         Reflect  .   Y - +0 cloak
rCorr    +         Harm     .   u - +2 pair of gloves
MR       +++..                  (no boots)
Stlth    ++........             H - amulet "Qakhus" {RegenMP +Inv Str+3}
HPRegen  1.25/turn              W - +5 ring of dexterity
MPRegen  0.44/turn              t - ring of resist corrosion

@: infused (expiring), singing (expiring), regenerating
A: distributed training, fangs 1, blink, deformed body, poison resistance, wild
magic 1, strong nose
a: Blink, Heroism, Finesse, Renounce Religion, Evoke Invisibility, Evoke Flight


You were on level 11 of the Dungeon.
You worshipped Okawaru.
Okawaru was extremely pleased with you.
You were hungry.

You visited 2 branches of the dungeon, and saw 12 of its levels.

You collected 579 gold pieces.

Inventory:

Hand Weapons
 h - a +0 broad axe of flaming
 w - a +4 short sword of holy wrath
 Q - the +8 hand axe of the Invisible Deaths (weapon) {chaos, *Noise *Slow +Fly MR+++}
   (You found it on level 8 of the Dungeon)

   Each time it hits an enemy it has a different, random effect.
   It affects your resistance to hostile enchantments.
   It lets you fly.
   It may make noises in combat.
   It may slow you when you take damage.
Missiles
 k - 266 stones
 p - a silver boomerang
 x - 10 boomerangs
 y - 37 poisoned darts (quivered)
 X - 8 curare-tipped darts
Armour
 m - a +2 scale mail of fire resistance (worn)
 u - a +2 pair of gloves (worn)
 A - a +1 hat (worn)
 R - a +0 buckler (worn)
 Y - a +0 cloak (worn)
Jewellery
 t - a ring of resist corrosion (right hand)
 v - an uncursed ring of positive energy
 H - the amulet "Qakhus" (around neck) {RegenMP +Inv Str+3}
   (You found it on level 5 of the Dungeon)

   [amulet of magic regeneration]

   It increases your magic regeneration.
   It affects your strength (+3).
   It lets you turn invisible.
 U - a +5 ring of strength
 W - a +5 ring of dexterity (left hand)
Wands
 r - a wand of polymorph (27)
 B - a wand of disintegration (26)
 J - a wand of acid (8)
 M - a wand of scattershot (4)
 N - a wand of clouds (6)
 O - a wand of paralysis (6)
 P - a wand of flame (36)
Scrolls
 e - 5 scrolls of remove curse
 i - 7 scrolls of identify
 j - 2 scrolls of amnesia {unknown}
 l - a scroll of noise {unknown}
 n - 2 scrolls of enchant weapon
 o - 3 scrolls of blinking
 z - 3 scrolls of teleportation
 D - 3 scrolls of enchant armour {unknown}
 E - 3 scrolls of fear {unknown}
 F - a scroll of vulnerability
 G - a scroll of summoning
 V - a scroll of magic mapping {unknown}
Potions
 a - 3 potions of flight
 c - 2 potions of haste
 f - a potion of mutation
 g - 2 potions of lignification
 q - a potion of magic
 s - 2 potions of brilliance
 I - 2 potions of curing
 K - 4 potions of agility
 S - a potion of invisibility
 T - a potion of heal wounds
Comestibles
 d - 23 rations
 Z - 7 chunks of flesh


   Skills:
 + Level 8.4 Fighting
 + Level 8.4 Short Blades
 + Level 6.9 Long Blades
 + Level 6.9 Axes
 + Level 6.9 Maces & Flails
 + Level 6.9 Polearms
 + Level 6.9 Staves
 + Level 6.9 Slings
 + Level 6.9 Bows
 + Level 6.9 Crossbows
 + Level 6.9 Throwing
 + Level 7.4 Armour
 + Level 8.4 Dodging
 + Level 6.9 Stealth
 + Level 6.9 Shields
 + Level 6.9 Unarmed Combat
 + Level 8.6 Spellcasting
 + Level 5.7 Conjurations
 + Level 5.7 Hexes
 + Level 8.0 Charms
 + Level 5.7 Summonings
 + Level 5.7 Necromancy
 + Level 5.7 Translocations
 + Level 5.7 Transmutations
 + Level 5.7 Fire Magic
 + Level 5.7 Ice Magic
 + Level 5.7 Air Magic
 + Level 5.7 Earth Magic
 + Level 5.7 Poison Magic
 + Level 7.6 Invocations
 + Level 6.9 Evocations


You had 11 spell levels left.
You knew the following spells:

 Your Spells              Type           Power        Failure   Level  Hunger
a - Spider Form           Tmut/Pois      ####......   11%         3    #......
c - Tukima's Dance        Hex            ####....     11%         3    #......
h - Regeneration          Chrm/Necr      #####.....   8%          3    #......
n - Spectral Weapon       Hex/Chrm       #####...     8%          3    #......
p - Shroud of Golubria    Chrm/Tloc      #####.       4%          2    None
u - Song of Slaying       Chrm           #####...     2%          2    None
y - Infusion              Chrm           ####         1%          1    None

Your spell library contained the following spells:

 Spells                   Type           Power        Failure   Level  Hunger
 Confusing Touch          Hex            ####..       4%          1    None
 Corona                   Hex            ####...      4%          1    None
 Magic Dart               Conj           ####         4%          1    None
 Ensorcelled Hibernation  Hex/Ice        ####..       6%          2    None
 Searing Ray              Conj           ####..       6%          2    None
 Confuse                  Hex            ####....     11%         3    #......
 Dazzling Spray           Conj/Hex       ####..       11%         3    #......
 Gell's Gravitas          Tloc           ####......   11%         3    #......
 Force Lance              Conj/Tloc      ####....     32%         4    ###....
 Fulminant Prism          Conj/Hex       ####......   32%         4    ###....
 Iskenderun's Mystic Bla  Conj           ####....     32%         4    ###....
 Petrify                  Tmut/Erth      ####....     32%         4    ###....
 Throw Icicle             Conj/Ice       ####....     32%         4    ###....
 Iskenderun's Battlesphe  Conj/Chrm      #####...     47%         5    #####..
 Blade Hands              Tmut           ####......   63%         5    #####..
 Irradiate                Conj/Tmut      ####......   63%         5    #####..
 Metabolic Englaciation   Hex/Ice        ####......   63%         5    #####..
 Yara's Violent Unravell  Hex/Tmut       ####......   63%         5    #####..
 Bolt of Cold             Conj/Ice       ####......   99%         6    ######.


Dungeon Overview and Level Annotations

Branches:
Dungeon (11/15)            Temple (1/1) D:4             Orc (0/2) D:10
   Lair: D:8-11

Altars:
Ashenzari
Cheibriados
Dithmenos
Elyvilon
Fedhas
Gozag
Hepliaklqana
Kikubaaqudgha
Makhleb
Nemelex Xobeh
Okawaru
Qazlal
Ru
Sif Muna
Trog
Uskayaw
Vehumet
Wu Jian
Xom
Yredelemnul
Zin
The Shining One

Annotations:
D:2 1 runed translucent door, Crazy Yiuf


Innate Abilities, Weirdness & Mutations

Your experience applies equally to all skills.
You have very sharp teeth.
Your uncanny sense of smell can sniff out nearby items.
You can translocate small distances at will.
Armour fits poorly on your strangely shaped body.
Your system is resistant to poisons. (rPois)
Your spells are a little harder to cast, but a little more powerful.


Message History

a bolt; a large rock; a killer bee corpse You hit the gargoyle.
The gargoyle is lightly damaged.
The gargoyle hits you with a +0 mace.
* * * LOW HITPOINT WARNING * * *
Your shroud falls apart!
Unknown command.
You feel much better.
The yaktaur shoots a bolt.
The bolt hits you!!
* * * LOW HITPOINT WARNING * * *
The gargoyle hits you but does no damage.
Unknown command.
You slash the gargoyle! You burn the gargoyle! Your bite misses the gargoyle.
The gargoyle is almost destroyed.
Your magical infusion is running out.
Your spectral weapon hits the gargoyle but does no damage.
The cyclops throws a large rock.
The large rock hits you!
* * * LOW HITPOINT WARNING * * *
The gargoyle closely misses your spectral weapon.
The yaktaur shoots a bolt.
The bolt hits you!
You die...

#.# #############.#
#.............#
####'############# #......#
#....÷.# ###### #......### #..((#
.........# #.)((# ######
########÷####c)(@###########.....
.%.†...#..oC))..(9............>##
≈≈≈###.#..###....###########.#.#
)hhh.#(#)[# #....# #.#.#
####p#§§§÷# #....# #.#.# ∆
p#§≈§)# #....# #.#.# ∆ #§§§##
###### #.#.# ∆ #.≈.# #.#.# #.≈.#
#.#.#


You could see a cyclops, a yaktaur, an orc warrior, a gargoyle and a friendly
spectral +8 hand axe of the Invisible Deaths {chaos, *Noise *Slow +Fly MR+++}.

Vanquished Creatures
  4 two-headed ogres
  A tengu warrior (D:8)
  3 hell knights (D:11)
  Sonja (D:10)
  An unseen horror (D:9)
  A necromancer (D:11)
  A tengu conjurer (D:8)
  A hornet (D:10)
  Prince Ribbit (D:8)
  Grinder (D:6)
  2 hippogriffs
  A spriggan (D:9)
  Eustachio (D:6)
  A hungry ghost (D:11)
  Menkaure (D:6)
  3 hell hounds (D:11)
  2 ice beasts
  A necrophage (D:11)
  4 orc warriors
  2 sky beasts
  3 phantoms
  A black bear (D:6)
  6 ogres
  3 centaurs
  Blork the orc (D:5)
  2 big kobolds (D:9)
  6 bullfrogs
  A gnoll sergeant (D:6)
  A water moccasin zombie (D:7)
  3 scorpions
  4 killer bees (D:11)
  3 electric eels (D:7)
  11 wights
  10 howler monkeys
  9 crimson imps
  2 bullfrog zombies
  3 centaur zombies
  6 jellies
  A quasit (D:11)
  5 hounds
  7 orc priests
  A centaur skeleton (D:7)
  A bullfrog skeleton (D:5)
  Jessica (D:2)
  5 iguanas
  Ijyb (D:5)
  14 orc wizards
  6 worker ants
  2 hound skeletons
  Robin (D:2)
  5 adders
  11 gnolls
  2 howler monkey skeletons
  4 shadow imps
  3 adder skeletons
  3 worms
  13 dart slugs
  3 leopard geckos
  48 orcs
  3 ball pythons
  7 bats
  10 giant cockroaches
  17 goblins
  11 hobgoblins
  18 jackals
  2 quokkas
  9 frilled lizards
  2 goblin skeletons (D:4)
  2 goblin zombies (D:4)
  3 hobgoblin zombies (D:4)
  A jackal zombie (D:7)
  18 kobolds
  2 kobold zombies (D:4)
  An orc skeleton (D:4)
  8 rats
  A spectral weapon (D:11)
360 creatures vanquished.

Vanquished Creatures (others)
  A scorpion (D:6)
  A dart slug (D:7)
  11 spectral weapons
13 creatures vanquished.

Grand Total: 373 creatures vanquished

Notes
Turn   | Place    | Note
-------+----------+-------------------------------------------
     0 | D:1      | FishyPogo the Gnoll Skald began the quest for the Orb.
     0 | D:1      | Reached XP level 1. HP: 20/20 MP: 6/6
   120 | D:1      | Reached XP level 2. HP: 24/26 MP: 7/7
   187 | D:1      | Learned a level 2 spell: Song of Slaying
   190 | D:1      | Learned a level 2 spell: Shroud of Golubria
   298 | D:1      | Reached XP level 3. HP: 18/31 MP: 0/9
   312 | D:1      | Reached skill level 5 in Spellcasting
   368 | D:1      | Learned a level 3 spell: Regeneration
   372 | D:1      | Learned a level 3 spell: Spectral Weapon
   807 | D:2      | Noticed Robin
   814 | D:2      | Reached skill level 1 in Invocations
   838 | D:2      | Reached skill level 1 in Long Blades
   838 | D:2      | Reached skill level 1 in Axes
   838 | D:2      | Reached skill level 1 in Maces & Flails
   838 | D:2      | Reached skill level 1 in Polearms
   838 | D:2      | Reached skill level 1 in Staves
   838 | D:2      | Reached skill level 1 in Slings
   838 | D:2      | Reached skill level 1 in Bows
   838 | D:2      | Reached skill level 1 in Crossbows
   838 | D:2      | Reached skill level 1 in Throwing
   838 | D:2      | Reached skill level 1 in Stealth
   838 | D:2      | Reached skill level 1 in Shields
   838 | D:2      | Reached skill level 1 in Unarmed Combat
   838 | D:2      | Reached skill level 1 in Evocations
   842 | D:2      | Reached XP level 4. HP: 15/38 MP: 2/11
   853 | D:2      | Killed Robin
  1051 | D:2      | Noticed Jessica
  1058 | D:2      | Killed Jessica
  1058 | D:2      | Reached skill level 1 in Conjurations
  1058 | D:2      | Reached skill level 1 in Hexes
  1058 | D:2      | Reached skill level 1 in Summonings
  1058 | D:2      | Reached skill level 1 in Necromancy
  1058 | D:2      | Reached skill level 1 in Translocations
  1058 | D:2      | Reached skill level 1 in Transmutations
  1058 | D:2      | Reached skill level 1 in Fire Magic
  1058 | D:2      | Reached skill level 1 in Ice Magic
  1058 | D:2      | Reached skill level 1 in Air Magic
  1058 | D:2      | Reached skill level 1 in Earth Magic
  1058 | D:2      | Reached skill level 1 in Poison Magic
  1058 | D:2      | Reached XP level 5. HP: 42/43 MP: 8/12
  1275 | D:2      | Found a runed translucent door.
  1276 | D:2      | Noticed Crazy Yiuf
  1755 | D:3      | Found a glowing silver altar of Zin.
  2113 | D:4      | Reached XP level 6. HP: 46/50 MP: 13/13
  2135 | D:4      | Reached skill level 5 in Fighting
  2135 | D:4      | Reached skill level 5 in Short Blades
  2135 | D:4      | Reached skill level 5 in Dodging
  2146 | D:4      | Found a sacrificial altar of Ru.
  2230 | D:4      | Found a staircase to the Ecumenical Temple.
  2275 | Temple   | Entered the Ecumenical Temple
  2576 | D:4      | Reached XP level 7. HP: 33/56 MP: 6/15
  2606 | D:4      | Found a glowing golden altar of the Shining One.
  2697 | D:4      | Found an iron altar of Okawaru.
  2702 | D:4      | Became a worshipper of Warmaster Okawaru
  3203 | D:5      | Entered Level 5 of the Dungeon
  3203 | D:5      | Noticed Ijyb
  3223 | D:5      | Killed Ijyb
  3387 | D:5      | Noticed Blork the orc
  3411 | D:5      | Killed Blork the orc
  3411 | D:5      | Reached * piety under Okawaru
  3418 | D:5      | Found a bloodstained altar of Trog.
  3453 | D:5      | Reached XP level 8. HP: 60/63 MP: 8/16
  3708 | D:5      | Noticed a two-headed ogre
  3782 | D:6      | Found an ornate altar of the Wu Jian Council.
  3821 | D:6      | Noticed Grinder
  3840 | D:6      | Killed Grinder
  3983 | D:6      | Reached ** piety under Okawaru
  3983 | D:6      | Reached XP level 9. HP: 69/69 MP: 5/18
  4097 | D:6      | Noticed Eustachio
  4100 | D:6      | Found an opulent altar of Gozag.
  4149 | D:6      | Killed Eustachio
  4156 | D:6      | Noticed Menkaure
  4164 | D:6      | Gained mutation: You are weak. (Str -2) [potion of
                  | mutation]
  4164 | D:6      | Gained mutation: Armour fits poorly on your strangely
                  | shaped body. [potion of mutation]
  4164 | D:6      | Lost mutation: You are weak. (Str -2) [potion of mutation]
  4328 | D:5      | Found a shimmering altar of Xom.
  4383 | D:5      | Got a flickering ruby amulet
  4408 | D:5      | Killed a two-headed ogre
  4408 | D:5      | Reached skill level 5 in Armour
  4603 | D:6      | Identified the amulet "Qakhus" {RegenMP +Inv Str+3} (You
                  | found it on level 5 of the Dungeon)
  4641 | D:6      | Reached *** piety under Okawaru
  4710 | D:6      | Killed Menkaure
  4710 | D:6      | Reached skill level 5 in Invocations
  4824 | D:6      | Found a radiant altar of Vehumet.
  5004 | D:7      | Found a shattered altar of Ashenzari.
  5137 | D:7      | Reached XP level 10. HP: 77/77 MP: 20/20
  5697 | D:7      | Reached **** piety under Okawaru
  5697 | D:7      | Received a gift from Okawaru
  5714 | D:7      | Reached skill level 5 in Long Blades
  5714 | D:7      | Reached skill level 5 in Axes
  5714 | D:7      | Reached skill level 5 in Maces & Flails
  5714 | D:7      | Reached skill level 5 in Polearms
  5714 | D:7      | Reached skill level 5 in Staves
  5714 | D:7      | Reached skill level 5 in Slings
  5714 | D:7      | Reached skill level 5 in Bows
  5714 | D:7      | Reached skill level 5 in Crossbows
  5714 | D:7      | Reached skill level 5 in Throwing
  5714 | D:7      | Reached skill level 5 in Stealth
  5714 | D:7      | Reached skill level 5 in Shields
  5714 | D:7      | Reached skill level 5 in Unarmed Combat
  5714 | D:7      | Reached skill level 5 in Evocations
  5890 | D:7      | Found a snail-covered altar of Cheibriados.
  6319 | D:8      | Noticed Prince Ribbit
  6330 | D:8      | Killed Prince Ribbit
  6345 | D:8      | Found a burning altar of Makhleb.
  6475 | D:8      | Lost mutation: Armour fits poorly on your strangely shaped
                  | body. [potion of mutation]
  6475 | D:8      | Gained mutation: You can translocate small distances at
                  | will. [potion of mutation]
  6475 | D:8      | Gained mutation: Armour fits poorly on your strangely
                  | shaped body. [potion of mutation]
  6475 | D:8      | Gained mutation: Your system is resistant to poisons.
                  | (rPois) [potion of mutation]
  6475 | D:8      | Gained mutation: Your spells are a little harder to cast,
                  | but a little more powerful. [potion of mutation]
  6480 | D:8      | Learned a level 3 spell: Tukima's Dance
  6536 | D:8      | Got an ancient hand axe
  6537 | D:8      | Identified the +8 hand axe of the Invisible Deaths {chaos,
                  | *Noise *Slow +Fly MR+++} (You found it on level 8 of the
                  | Dungeon)
  6722 | D:8      | Noticed a tengu warrior
  6822 | D:8      | Killed a tengu warrior
  7231 | D:9      | Reached ***** piety under Okawaru
  7239 | D:9      | Received a gift from Okawaru
  7313 | D:9      | Reached XP level 11. HP: 84/84 MP: 18/22
  7710 | D:9      | Killed an unseen horror
  8260 | D:10     | Entered Level 10 of the Dungeon
  8271 | D:10     | Reached skill level 5 in Conjurations
  8271 | D:10     | Reached skill level 5 in Hexes
  8271 | D:10     | Reached skill level 5 in Summonings
  8271 | D:10     | Reached skill level 5 in Necromancy
  8271 | D:10     | Reached skill level 5 in Translocations
  8271 | D:10     | Reached skill level 5 in Transmutations
  8271 | D:10     | Reached skill level 5 in Fire Magic
  8271 | D:10     | Reached skill level 5 in Ice Magic
  8271 | D:10     | Reached skill level 5 in Air Magic
  8271 | D:10     | Reached skill level 5 in Earth Magic
  8271 | D:10     | Reached skill level 5 in Poison Magic
  8324 | D:10     | Noticed a two-headed ogre
  8333 | D:10     | Killed a two-headed ogre
  8333 | D:10     | Received a gift from Okawaru
  8542 | D:10     | Found a staircase to the Orcish Mines.
  8761 | D:10     | Noticed Sonja
  8767 | D:10     | Killed Sonja
  9030 | D:11     | Noticed a cyclops
  9030 | D:11     | Noticed a two-headed ogre
  9146 | D:11     | Noticed a two-headed ogre
  9161 | D:11     | Killed a two-headed ogre
  9164 | D:11     | Noticed a hell knight
  9184 | D:11     | Killed a hell knight
  9212 | D:11     | Noticed a hell knight
  9218 | D:11     | Noticed a hell knight
  9223 | D:11     | Killed a hell knight
  9224 | D:11     | Noticed a hell knight
  9225 | D:11     | Noticed a necromancer
  9226 | D:11     | Noticed a hell knight
  9227 | D:11     | Killed a hell knight
  9232 | D:11     | Killed a necromancer
  9232 | D:11     | Reached XP level 12. HP: 72/93 MP: 20/24
  9264 | D:11     | Identified a scroll of acquirement
  9264 | D:11     | Identified the Compendium of Transmigration and
                  | Confrontation (You acquired it on level 11 of the Dungeon)
  9270 | D:11     | Learned a level 3 spell: Spider Form
  9347 | D:11     | Killed a two-headed ogre
  9365 | D:11     | HP: 2/94 [cyclops/large rock (17)]
  9365 | D:11     | Shot with a bolt by a yaktaur

Levels and vault maps discovered:
D:1:      enne_arrival_octagon_isle, layout_loops_ring, minmay_misc_feat_rows
D:2:      layout_basic, minmay_small_reverse_x, uniq_robin,
          uniq_crazy_yiuf_cottage, uniq_jessica
D:3:      layout_rooms, old_standard_altar
D:4:      layout_gridville, nicolae_tso_besieged_by_evil,
          nicolae_ru_awakened_eye, minmay_temple_entry_drinking_statues,
          first_ration, okawaru_metal_pillars_1_2
D:5:      layout_loops_ring, lemuel_doored_altar, overflow_temple_1_default,
          minmay_quadrilaterals, uniq_ijyb, uniq_blork_the_orc
D:6:      layout_rooms, lemuel_crystal_altar, lemuel_round_altar,
          kennysheep_mini_moat, uniq_grinder, uniq_eustachio, uniq_menkaure
D:7:      kennysheep_slugbush, layout_basic, slow_altar_2,
          ashenzari_conservatory_becter
D:8:      layout_gridville, makhleb_grotto_becter, uniq_prince_ribbit1
D:9:      layout_gridville, the_bakery, hangedman_decor_lopped
D:10:     layout_loops_ring, orc_0_dummy, uniq_sonja
D:11:     minmay_bloctagon, layout_basic, lair_entry_dummy,
          portal_ice_cave_entry_pillars_1, minmay_rotating_lava
Temple:   jpeg_temple_alley_garden

Skill      XL: |  1  2  3  4  5  6  7  8  9 10 11 12 |
---------------+-------------------------------------+-----
Spellcasting   | 5 6 7 8 |  8.6
Invocations    | 1 2 3 4 5 6 7 |  7.6
Long Blades    | 1 2 3 4 5 6 |  6.9
Axes           | 1 2 3 4 5 6 |  6.9
Maces & Flails | 1 2 3 4 5 6 |  6.9
Polearms       | 1 2 3 4 5 6 |  6.9
Staves         | 1 2 3 4 5 6 |  6.9
Slings         | 1 2 3 4 5 6 |  6.9
Bows           | 1 2 3 4 5 6 |  6.9
Crossbows      | 1 2 3 4 5 6 |  6.9
Throwing       | 1 2 3 4 5 6 |  6.9
Stealth        | 1 2 3 4 5 6 |  6.9
Shields        | 1 2 3 4 5 6 |  6.9
Unarmed Combat | 1 2 3 4 5 6 |  6.9
Evocations     | 1 2 3 4 5 6 |  6.9
Conjurations   | 1 2 3 4 5 |  5.7
Hexes          | 1 2 3 4 5 |  5.7
Summonings     | 1 2 3 4 5 |  5.7
Necromancy     | 1 2 3 4 5 |  5.7
Translocations | 1 2 3 4 5 |  5.7
Transmutations | 1 2 3 4 5 |  5.7
Fire Magic     | 1 2 3 4 5 |  5.7
Ice Magic      | 1 2 3 4 5 |  5.7
Air Magic      | 1 2 3 4 5 |  5.7
Earth Magic    | 1 2 3 4 5 |  5.7
Poison Magic   | 1 2 3 4 5 |  5.7
Armour         | 3 4 5 6 7 |  7.4
Fighting       | 5 6 7 8 |  8.4
Short Blades   | 5 6 7 8 |  8.4
Dodging        | 5 6 7 8 |  8.4
Charms         | 6 7 8 |  8.0

Action                   |  1- 3 |  4- 6 |  7- 9 | 10-12 || total
-------------------------+-------+-------+-------+-------++-------
Melee: Short sword       |   115 |    16 |       |    19 ||   150
       Bite              |     9 |    10 |    39 |    49 ||   107
       Whip              |       |    60 |   193 |       ||   253
       Flail             |       |    94 |    89 |    97 ||   280
       Punch             |       |       |     8 |     1 ||     9
       Hand axe          |       |       |       |   214 ||   214
Throw: Stone             |     1 |     6 |     2 |       ||     9
       Dart              |       |     4 |    31 |    41 ||    76
       Boomerang         |       |       |     7 |    15 ||    22
       Javelin           |       |       |       |     3 ||     3
 Cast: Shroud of Golubri |     3 |     7 |    27 |    39 ||    76
       Song of Slaying   |     4 |     4 |     8 |    10 ||    26
       Infusion          |     1 |     1 |     4 |     4 ||    10
       Spectral Weapon   |     3 |    11 |    34 |    53 ||   101
       Regeneration      |       |     5 |    14 |    23 ||    42
       Tukima's Dance    |       |       |       |     3 ||     3
Invok: Heroism           |       |       |     2 |       ||     2
 Abil: Evoke Flight      |       |       |       |     3 ||     3
Evoke: Wand              |       |       |       |    13 ||    13
  Use: Scroll            |       |       |     9 |    11 ||    20
       Potion            |       |       |     1 |     4 ||     5
 Stab: Sleeping          |     1 |       |     1 |     1 ||     3
       Distracted        |       |       |     1 |     7 ||     8
       Paralysed         |       |       |       |     4 ||     4
       Confused          |       |       |       |     2 ||     2
       Petrified         |       |       |       |     2 ||     2
  Eat: Chunk             |       |     7 |    12 |    18 ||    37
Armor: Leather armour    |    25 |    57 |       |       ||    82
       Skin              |       |     9 |     7 |       ||    16
       Ring mail         |       |     5 |    17 |       ||    22
       Scale mail        |       |       |   128 |   128 ||   256
Dodge: Dodged            |    74 |   166 |   164 |   198 ||   602
Block: Buckler           |       |       |       |    54 ||    54
